 Dungeon Crawl Stone Soup version 0.27-a0-1084-g78b3836a5f (webtiles) character file.

Game seed: 14752410450423719885

44253 inmateoo the Brawler (level 13, -4/116 HPs)
             Began as a Pale Draconian Gladiator on Apr 26, 2021.
             Was the Champion of Cheibriados.
             Splashed by an oklob plant's acid (12 damage)
             ... on level 1 of the Lair of Beasts.
             The game lasted 00:22:02 (14899 turns).

inmateoo the Brawler (Pale Draconian Gladiator)    Turns: 14899, Time: 00:22:02

Health: -4/116     AC:  6    Str: 38    XL:     13   Next: 95%
Magic:  23/23      EV: 19    Int: 35    God:    Cheibriados [******]
Gold:   269        SH:  0    Dex: 31    Spells: 13/26 levels left

rFire    + . .     SeeInvis .     - Unarmed
rCold    . . .     Faith    .   (no shield)
rNeg     . . .     Spirit   .   (armour unavailable)
rPois    +         Reflect  .   a - +0 hat
rElec    .         Harm     .   V - +1 cloak
rCorr    .         Rampage  .   l - +2 pair of gloves
Will     .....     NoTele   +   h - +0 pair of boots of Panentheism {Int+2}
Stlth    ++........             p - amulet "Ofea" {Acrobat -Tele Regen+ Str+7}
HPRegen  1.29/turn              B - ring of poison resistance
MPRegen  0.18/turn              G - ring "Ohigeikh" {Wiz rF+ Int+4 Dex+3}

@: corroded, very slow
A: breathe steam, AC +8, unfitting armour, cold-blooded, steam resistance
a: Breathe Steam, Renounce Religion, Bend Time, Temporal Distortion, Slouch,
Step From Time


You were on level 1 of the Lair of Beasts.
You worshipped Cheibriados.
Cheibriados was exalted by your worship.
You visited 2 branches of the dungeon, and saw 15 of its levels.
You also visited: Ossuary and Ice Cave.

You collected 1821 gold pieces.
You spent 1552 gold pieces at shops.

Inventory:

Missiles
 b - 6 throwing nets (quivered)
 m - a curare-tipped dart
 Q - 5 silver javelins
 R - 8 atropa-tipped darts
Armour
 a - a +0 hat (worn)
 f - a +2 kite shield
 h - the +0 pair of boots of Panentheism (worn) {Int+2}
   (You acquired it on level 9 of the Dungeon)

   It affects your intelligence (+2).
 l - a +2 pair of gloves (worn)
 V - a +1 cloak (worn)
Jewellery
 e - a ring of protection from cold
 o - a ring of resist corrosion
 p - the amulet "Ofea" (around neck) {Acrobat -Tele Regen+ Str+7}
   (You found it on level 4 of the Dungeon)

   [amulet of the acrobat]

   It increases your evasion while moving and waiting.
   It affects your strength (+7).
   It prevents most forms of teleportation.
   It increases your rate of health regeneration.
 y - an amulet of regeneration
 B - a ring of poison resistance (left hand)
 G - the ring "Ohigeikh" (right hand) {Wiz rF+ Int+4 Dex+3}
   (You bought it in a shop on level 7 of the Dungeon)

   [ring of wizardry]

   It improves your spell success rate.
   It affects your intelligence (+4).
   It affects your dexterity (+3).
   It protects you from fire.
 L - a ring of willpower
 P - a ring of positive energy
Wands
 c - a wand of paralysis (7)
 u - a wand of flame (96)
 H - a wand of iceblast (2)
Scrolls
 k - 4 scrolls of enchant armour
 n - 2 scrolls of magic mapping
 q - 6 scrolls of teleportation
 v - 3 scrolls of fog
 A - a scroll of identify
 D - 3 scrolls of amnesia
 E - 2 scrolls of summoning
 K - 3 scrolls of silence
 S - 3 scrolls of fear
 T - a scroll of blinking
Potions
 g - 2 potions of mutation
 i - 6 potions of heal wounds
 j - 4 potions of lignification
 r - 4 potions of attraction
 s - 2 potions of flight
 t - a potion of cancellation
 w - 8 potions of curing
 x - 2 potions of invisibility {unknown}
 z - 3 potions of brilliance
 F - 4 potions of magic
 J - 6 potions of ambrosia
 M - 3 potions of might
 O - a potion of resistance
Miscellaneous
 d - a phantom mirror


   Skills:
 + Level 11.4 Fighting
 - Level 1.7 Throwing
 + Level 6.5 Dodging
 + Level 5.3 Shields
 * Level 16.4 Unarmed Combat
 + Level 7.1 Spellcasting
 + Level 1.4 Earth Magic
 + Level 9.3 Invocations


You had 13 spell levels left.
You knew the following spells:

 Your Spells              Type           Power      Damage    Failure   Level
a - Blink                 Tloc           N/A        N/A       1%          2
b - Apportation           Tloc           24%        N/A       1%          1
c - Passwall              Tmut/Erth      14%        N/A       1%          2
d - Lee's Rapid Deconstr  Erth           11%        3d9*      21%         5
e - Stone Arrow           Conj/Erth      34%        3d9       3%          3

Your spell library contained the following spells:

 Spells                   Type           Power      Damage    Failure   Level
 Animate Skeleton         Necr           24%        N/A       1%          1
 Corona                   Hex            13%        N/A       1%          1
 Foxfire                  Conj/Fire      48%        2x1d6     1%          1
 Magic Dart               Conj           48%        1d5       1%          1
 Sandblast                Erth           44%        2d11      1%          1
 Summon Small Mammal      Summ           48%        N/A       1%          1
 Call Imp                 Summ           12%        N/A       1%          2
 Ensorcelled Hibernation  Hex/Ice        24%        N/A       1%          2
 Poisonous Vapours        Pois/Air       24%        N/A       1%          2
 Searing Ray              Conj           24%        3d4       1%          2
 Slow                     Hex            12%        N/A       1%          2
 Confusing Touch          Hex            12%        N/A       4%          3
 Conjure Flame            Conj/Fire      12%        6-21      4%          3
 Dazzling Flash           Conj/Hex       24%        N/A       4%          3
 Gell's Gravitas          Tloc           6%         N/A       4%          3
 Inner Flame              Hex/Fire       12%        N/A       4%          3
 Mephitic Cloud           Conj/Pois/Air  12%        N/A       4%          3
 Tukima's Dance           Hex            12%        N/A       4%          3
 Petrify                  Tmut/Erth      17%        N/A       10%         4
 Fulminant Prism          Conj/Hex       6%         3d7       13%         4
 Iskenderun's Mystic Bla  Conj/Tloc      12%        2d5       13%         4
 Sticky Flame             Conj/Fire      12%        2d4       13%         4
 Fireball                 Conj/Fire      6%         3d5       34%         5
 Metabolic Englaciation   Hex/Ice        6%         N/A       34%         5
 Yara's Violent Unravell  Hex/Tmut       6%         3d5       34%         5
 Freezing Cloud           Conj/Ice/Air   6%         6-21      87%         6


Dungeon Overview and Level Annotations

Branches:
Dungeon (14/15)            Temple (0/1) D:7            Lair (1/6) D:11
    Orc (0/2) D:12         Vaults (0/5) D:14        Ossuary (visited)
  IceCv (visited)

Altars:
Cheibriados
Elyvilon
Hepliaklqana
Makhleb
Vehumet
The Shining One

Shops:
D:1 :*   D:7 =

Portals:
Trove: D:11 (give 7 scrolls of fog)

Annotations:
D:7 2 transporters, funkygono's ghost, novice DrFE
Lair:1 exclusion: 3 oklob plants


Innate Abilities, Weirdness & Mutations

You can breathe blasts of scalding, opaque steam.
Your pale cyan-grey scales are hard. (AC +8)
You cannot fit into any form of body armour.
You are cold-blooded and may be slowed by cold attacks.
You are immune to the effects of steam.


Message History

The splash of acid hits you! The acid corrodes you!
You are splashed with acid!
The oklob plant is engulfed in a cloud of scalding steam.
Unknown command.
Aiming: Iceblast
Press: ? - help, Shift-Dir - straight line, f - oklob plant
Aim: an oklob plant (severely damaged, unaware, hasn't noticed you)
The mass of ice explodes!
The iceblast engulfs the oklob plant!
The oklob plant is severely damaged.
The iceblast engulfs the oklob plant!
The oklob plant is almost destroyed.
The iceblast engulfs the oklob plant.
The oklob plant is severely damaged.
The iceblast engulfs the oklob plant.
The oklob plant is almost destroyed.
The oklob plant spits acid at you. The splash of acid hits you!
You are splashed with acid!
Unknown command.
Unknown command.
Aiming: Iceblast
Press: ? - help, Shift-Dir - straight line, f/p - oklob plant
Aim: an oklob plant (severely damaged)
The mass of ice explodes!
The iceblast engulfs the oklob plant but does no damage.
The oklob plant is severely damaged.
The iceblast engulfs the oklob plant!
The oklob plant is almost destroyed.
The iceblast engulfs the oklob plant.
The oklob plant is severely damaged.
The iceblast engulfs the oklob plant!
You destroy the oklob plant!
Cheibriados appreciates the change of pace.
You have got your breath back.
The oklob plant spits acid at you. The splash of acid hits you!
You are splashed with acid!
* * * LOW HITPOINT WARNING * * *
The oklob plant spits acid at you. The splash of acid hits you!
* * * LOW HITPOINT WARNING * * *
You are splashed with acid!
You die...

###### $.|..# .$.))#
.P$..# #####
######.)PP[# ....#
#....#...?.# ....#
#....#..P.P###########
....#
##....@................
....# ###
#P..........#####.####.
....###P####........###
### ##
..........##.(......# #
....#####..'........##
....# ####........P#
....# #........## ....#
#####'##P# ##..#
#..####


You could see 3 oklob plants.

Vanquished Creatures
  A reaper (IceCv)
  Snorg (D:14)
  Josephine (D:14)
  Harold (D:9)
  2 vault guards (D:14)
  Erolcha (D:11)
  2 boulder beetles
  2 hydras (Lair:1)
  2 centaur warriors
  3 two-headed ogres
  A wizard (D:14)
  3 necromancers (D:14)
  5 ugly things
  3 deep elf pyromancers
  An oklob plant (Lair:1)
  3 manticores
  4 cyclopes
  Joseph (D:10)
  2 black mambas (Lair:1)
  Maggie (D:9)
  2 gargoyles
  3 cane toads (Lair:1)
  2 ice statues (IceCv)
  A rime drake (shapeshifter) (D:13)
  4 komodo dragons
  2 tengu conjurers
  7 ice devils (IceCv)
  A polar bear (Lair:1)
  A queen bee (D:11)
  3 trolls
  4 blink frogs (Lair:1)
  5 slime creatures (D:13)
  Grinder (D:5)
  A hornet (D:8)
  4 wraiths
  Sigmund (D:5)
  A shadow (D:9)
  A wyvern (Lair:1)
  2 vampires
  21 yaks
  19 humans (D:14)
  A steam dragon (D:9)
  Grum (D:10)
  4 vampire mosquitoes
  An acid dragon (D:11)
  7 water moccasins
  An ice beast (D:7)
  5 orc warriors
  3 black bears
  9 centaurs
  2 wolves (D:10)
  7 kobold brigands
  13 bullfrogs
  4 scorpions
  A water moccasin zombie (D:6)
  A water moccasin skeleton (D:6)
  41 killer bees
  9 wights
  5 howler monkeys
  4 centaur zombies
  A crimson imp (D:7)
  A hound (D:6)
  An orc priest (D:6)
  3 bullfrog skeletons
  A jelly (D:8)
  Crazy Yiuf (D:5)
  A centaur skeleton (D:5)
  4 iguanas
  14 orc wizards
  A mummy (Ossuary)
  A howler monkey zombie (D:9)
  3 gnolls (D:6)
  2 adders (D:2)
  2 shadow imps
  9 white imps
  8 ufetubi (IceCv)
  A worm (D:2)
  3 dart slugs
  55 orcs
  3 spectral bats (Ossuary)
  9 endoplasms
  2 giant cockroaches
  11 hobgoblins
  6 jackals
  2 quokkas
  4 ball pythons
  11 bats
  2 bat simulacra (Ossuary)
  9 frilled lizards
  12 gnoll zombies (Ossuary)
  8 goblins
  A goblin simulacrum (Ossuary)
  4 goblin zombies (Ossuary)
  7 hobgoblin zombies (Ossuary)
  32 kobolds
  9 kobold simulacra (Ossuary)
  6 kobold zombies (Ossuary)
  An orc zombie (Ossuary)
  7 rats
  2 rat simulacra (Ossuary)
  8 spectral goblins (Ossuary)
  4 spectral kobolds (Ossuary)
  3 spectral rats (Ossuary)
520 creatures vanquished.

Vanquished Creatures (others)
  4 white imps (IceCv)
  4 ufetubi (IceCv)
  38 fungi
  40 plants
86 creatures vanquished.

Grand Total: 606 creatures vanquished

Notes
Turn   | Place    | Note
-------+----------+-------------------------------------------
     0 | D:1      | inmateoo the Draconian Gladiator began the quest for the
                  | Orb.
     0 | D:1      | Reached XP level 1. HP: 17/17 MP: 1/1
   258 | D:1      | Reached XP level 2. HP: 25/25 MP: 2/2
   473 | D:1      | Found Faocupro's Assorted Antiques.
   543 | D:1      | Found Eduplud's Book Emporium.
   727 | D:1      | Reached XP level 3. HP: 30/30 MP: 3/3
   842 | D:1      | Found a faded altar of an unknown god.
  1074 | D:2      | Learned a level 2 spell: Blink
  1478 | D:2      | Reached skill level 4 in Unarmed Combat
  1478 | D:2      | Reached XP level 4. HP: 30/38 MP: 4/4
  2580 | D:4      | Identified the amulet "Ofea" {Acrobat -Tele Regen+ Str+7}
  2658 | D:4      | Reached skill level 1 in Spellcasting
  2722 | D:4      | Reached XP level 5. HP: 41/45 MP: 6/6
  3058 | D:5      | Entered Level 5 of the Dungeon
  3111 | D:5      | Reached skill level 5 in Unarmed Combat
  3111 | D:5      | Reached XP level 6. HP: 52/52 MP: 8/8
  3206 | D:5      | Noticed Sigmund
  3236 | D:5      | Killed Sigmund
  3422 | D:5      | Your scales start taking on a pale cyan-grey colour.
  3422 | D:5      | Reached XP level 7. HP: 45/59 MP: 10/10
  3422 | D:5      | Gained mutation: You are immune to the effects of steam.
                  | [Pale Draconian growth]
  3577 | D:5      | Noticed Grinder
  3586 | D:5      | Reached skill level 6 in Unarmed Combat
  3586 | D:5      | Killed Grinder
  3587 | D:5      | Reached skill level 5 in Fighting
  3843 | D:5      | Found a runed translucent door.
  3844 | D:5      | Noticed Crazy Yiuf
  3850 | D:5      | Killed Crazy Yiuf
  3903 | D:5      | Found a white marble altar of Elyvilon.
  3914 | D:5      | Found a snail-covered altar of Cheibriados.
  3915 | D:5      | Found a glowing golden altar of the Shining One.
  3916 | D:5      | Found a hazy altar of Hepliaklqana.
  3919 | D:5      | Became a worshipper of Cheibriados the Contemplative
  4194 | D:6      | Reached XP level 8. HP: 68/68 MP: 13/13
  4228 | D:6      | Reached skill level 1 in Invocations
  4229 | D:6      | Reached skill level 7 in Unarmed Combat
  4390 | D:6      | Reached * piety under Cheibriados
  4812 | D:6      | Reached ** piety under Cheibriados
  5080 | D:7      | Reached skill level 8 in Unarmed Combat
  5109 | D:7      | Noticed a moth of wrath
  5114 | D:7      | Reached *** piety under Cheibriados
  5156 | D:7      | Reached XP level 9. HP: 62/77 MP: 15/15
  5180 | D:7      | Found Kennelu's Jewellery Emporium.
  5208 | D:7      | Found a transporter.
  5218 | D:7      | Noticed funkygono's ghost (novice DrFE)
  5233 | D:7      | Found a transporter.
  5248 | D:7      | Found a burning altar of Makhleb.
  5249 | D:7      | Found a radiant altar of Vehumet.
  5301 | D:7      | Found a staircase to the Ecumenical Temple.
  5698 | D:8      | Found a sand-covered staircase.
  5703 | Ossuary  | Entered an ossuary
  5757 | Ossuary  | Reached **** piety under Cheibriados
  5925 | Ossuary  | Reached ***** piety under Cheibriados
  6190 | D:8      | Reached skill level 5 in Spellcasting
  6191 | D:8      | Reached skill level 9 in Unarmed Combat
  6889 | D:9      | Noticed a two-headed ogre
  6898 | D:9      | Killed a two-headed ogre
  6899 | D:9      | Reached skill level 10 in Unarmed Combat
  6899 | D:9      | Reached skill level 5 in Invocations
  6989 | D:9      | Reached XP level 10. HP: 87/88 MP: 17/17
  7192 | D:9      | Noticed Maggie
  7199 | D:9      | Killed Maggie
  7223 | D:9      | Noticed a white ugly thing
  7223 | D:9      | Noticed a manticore
  7236 | D:9      | Reached ****** piety under Cheibriados
  7242 | D:9      | Killed a white ugly thing
  7243 | D:9      | Reached skill level 11 in Unarmed Combat
  7243 | D:9      | Killed a manticore
  7272 | D:9      | Identified 2 scrolls of acquirement
  7272 | D:9      | Acquired the +0 pair of boots of Panentheism {Int+2}
  7279 | D:9      | Acquired 798 gold pieces
  7809 | D:9      | Noticed Harold
  7812 | D:9      | Paralysed by Harold for 2 turns
  7820 | D:9      | Killed Harold
  7897 | D:9      | Noticed a cyclops
  7902 | D:9      | Killed a cyclops
  7903 | D:9      | Reached XP level 11. HP: 97/97 MP: 18/18
  7948 | D:9      | Reached skill level 12 in Unarmed Combat
  8067 | D:10     | Entered Level 10 of the Dungeon
  8068 | D:10     | Noticed Grum
  8097 | D:10     | Killed Grum
  8289 | D:10     | Identified the +10 dagger "Yveimp" {flame, *Rage *Noise
                  | rPois rCorr}
  8598 | D:10     | Reached skill level 10 in Fighting
  8601 | D:10     | Noticed Joseph
  8614 | D:10     | Killed Joseph
  8840 | D:7      | Bought the ring "Ohigeikh" {Wiz rF+ Int+4 Dex+3} for 704
                  | gold pieces
  8975 | D:11     | Noticed Erolcha
  9010 | D:11     | Killed Erolcha
  9011 | D:11     | Reached skill level 13 in Unarmed Combat
  9073 | D:11     | Found a staircase to the Lair.
  9134 | D:11     | Reached skill level 14 in Unarmed Combat
  9200 | D:11     | Learned a level 1 spell: Apportation
  9295 | D:11     | Found a portal to a secret trove of treasure.
  9360 | D:11     | Reached XP level 12. HP: 105/106 MP: 13/19
  9491 | D:12     | You fall into a shaft and drop 1 floor!
  9538 | D:13     | Noticed a centaur warrior
  9548 | D:13     | Reached skill level 15 in Unarmed Combat
  9549 | D:13     | Killed a centaur warrior
  9574 | D:13     | Noticed a boulder beetle
  9584 | D:13     | Reached skill level 1 in Shields
  9589 | D:13     | Killed a boulder beetle
  9638 | D:13     | Noticed a two-headed ogre
  9652 | D:13     | Killed a two-headed ogre
  9719 | D:12     | Found a frozen archway.
  9732 | IceCv    | Entered an ice cave
 10531 | IceCv    | Reached skill level 5 in Dodging
 10590 | IceCv    | Noticed a reaper
 10601 | IceCv    | Killed a reaper
 10605 | IceCv    | Found the +7 sceptre of Torment {pain, torment}
 10992 | D:12     | Noticed a two-headed ogre
 10997 | D:12     | Killed a two-headed ogre
 11176 | D:12     | Found a staircase to the Orcish Mines.
 11876 | D:14     | Reached XP level 13. HP: 86/114 MP: 22/22
 12274 | D:14     | Noticed Snorg
 12282 | D:14     | Killed Snorg
 12601 | D:14     | Reached skill level 16 in Unarmed Combat
 12707 | D:14     | Found a gate to the Vaults.
 13132 | D:14     | Noticed Josephine
 13140 | D:14     | Killed Josephine
 13664 | D:1      | Bought 2 potions of heal wounds for 240 gold pieces
 13664 | D:1      | Bought a dark potion for 21 gold pieces
 13664 | D:1      | Bought a scroll of identify for 48 gold pieces
 13664 | D:1      | Bought a scroll of fear for 84 gold pieces
 13683 | D:1      | Bought a book of Geomancy for 455 gold pieces
 13686 | D:1      | Learned a level 2 spell: Passwall
 13692 | D:1      | Learned a level 5 spell: Lee's Rapid Deconstruction
 13696 | D:1      | Learned a level 3 spell: Stone Arrow
 13935 | Lair:1   | Entered Level 1 of the Lair of Beasts
 14093 | Lair:1   | Reached skill level 5 in Shields
 14512 | Lair:1   | Reached skill level 1 in Earth Magic
 14899 | Lair:1   | Splashed by an oklob plant's acid

Illustrated notes

Levels and vault maps discovered:
D:1:      minmay_arrival_four_circles, layout_basic,
          chequers_ecumenical_altar_lobes, serial_shops, shop, shop_statue,
          st_stairs_5
D:2:      minmay_diamond_boxcup, layout_basic, wad_orctagon
D:3:      layout_rooms, kennysheep_pointless_box
D:4:      layout_basic, minmay_a_box_with_orc_wizards_in_it
D:5:      layout_loops_corners, minitemple, uniq_sigmund,
          uniq_crazy_yiuf_cottage, uniq_grinder
D:6:      corexii_shantytown, layout_loops_ring, serial_glass, glass_columns_a,
          glass_columns_b, glass_columns_a, glass_columns_b, glass_columns_a,
          glass_columns_a, serial_park_tiny_1, minmay_misc_feat_encased
D:7:      layout_cave_pools, grunt_temple_overflow_lords_of_destruction,
          temple_green, gammafunk_ghost_berserking_beasts, serial_shops, shop
D:8:      layout_loops_ring, enter_ossuary_5
D:9:      layout_roguey, minmay_shattered_shrine, uniq_maggie, uniq_harold
D:10:     layout_basic, uniq_grum, uniq_joseph
D:11:     layout_basic, due_lair_maze_entry_diamond, enter_trove_3, special_room
          [special_room_bee], uniq_erolcha
D:12:     layout_basic, orc_0_dummy, portal_ice_cave_entry_pillars_1
D:13:     layout_rooms, kennysheep_generic_room_10
D:14:     layout_loops_ring, grunt_vaults_entry_tiered, serial_rivers,
          chequers_serial_rivers_micro_a, chequers_serial_rivers_room_b,
          chequers_serial_rivers_small_b, chequers_serial_rivers_micro_c,
          chequers_serial_rivers_micro_e, chequers_serial_rivers_room_b,
          uniq_josephine, uniq_snorg
Lair:1:   layout_roguey, chequers_serial_rivers_micro_d, serial_bayou_pond_d,
          grunt_megastairs_3, infiniplex_staircase_pool_2,
          minmay_lair_oklob_chamber, serial_bayou_shore_a

Skill      XL: |  1  2  3  4  5  6  7  8  9 10 11 12 13 |
---------------+----------------------------------------+-----
Dodging        | 3 4 5 6 |  6.5
Fighting       | 3 4 5 6 7 9 10 11 | 11.4
Unarmed Combat | 4 5 6 8 10 11 14 15 16 | 16.4
Spellcasting   | 1 2 3 4 5 6 7 |  7.1
Invocations    | 3 5 7 8 9 |  9.3
Shields        | 3 5 |  5.3
Earth Magic    | 1 |  1.4
Throwing       | |  1.7

Action                   |  1- 3 |  4- 6 |  7- 9 | 10-12 | 13-15 || total
-------------------------+-------+-------+-------+-------+-------++-------
Melee: Unarmed           |   147 |   136 |   400 |   416 |   224 ||  1323
       Tailslap          |    14 |    18 |    69 |   133 |    68 ||   302
       Punch             |     4 |     5 |    19 |    43 |    26 ||    97
Throw: Throwing net      |       |       |       |     1 |       ||     1
 Cast: Apportation       |       |       |       |       |     1 ||     1
Invok: Slouch            |       |       |       |     4 |     5 ||     9
       Bend Time         |       |       |       |     2 |       ||     2
 Abil: Breathe Steam     |       |       |    10 |    18 |     6 ||    34
Evoke: Wand              |       |     6 |     1 |     6 |     6 ||    19
  Use: Scroll            |       |       |       |    28 |     4 ||    32
       Potion            |       |       |       |     2 |       ||     2
 Stab: Sleeping          |     1 |     1 |    18 |     6 |     1 ||    27
       Paralysed         |       |       |       |     4 |       ||     4
Armor: Skin              |    39 |    31 |    84 |    87 |    46 ||   287
Dodge: Dodged            |   118 |   129 |   390 |   452 |   246 ||  1335

Table legend: (Time is in decaauts)
 A = Elapsed time spent in this place.
 B = Non-inter-level travel time spent in this place.
 C = Inter-level travel time spent in this place.
 D = Time resting spent in this place.
 E = Time spent auto-exploring this place.
 F = Levels seen in this place.
 G = Mean time per level.
                   A        B        C        D        E       F      G
               +--------+--------+--------+--------+--------+-----+--------+
         Total |  21814 |  19645 |   2169 |   1657 |  13970 |  17 | 1283.2 |
       Dungeon |  18211 |  16042 |   2169 |    891 |  12146 |  14 | 1300.8 |
          Lair |   1763 |   1763 |      0 |     47 |   1530 |   1 | 1763.0 |
       Ossuary |    545 |    545 |      0 |      0 |    285 |   1 |  545.0 |
      Ice Cave |   1294 |   1294 |      0 |    719 |      8 |   1 | 1294.0 |
               +--------+--------+--------+--------+--------+-----+--------+

Top non-repeatable levels by time:
    D:14: 2229 daAuts
     D:9: 2219 daAuts
    D:12: 1786 daAuts
  Lair:1: 1763 daAuts
     D:8: 1662 daAuts
    D:10: 1458 daAuts
   IceCv: 1294 daAuts
    D:13: 1211 daAuts
     D:5: 1206 daAuts
     D:1: 1197 daAuts
     D:6: 1035 daAuts
     D:7: 1035 daAuts
    D:11: 946 daAuts
     D:3: 863 daAuts
     D:2: 818 daAuts
